[Event "*** Titled Tuesday Blitz"]
[Site "Chess.com"]
[Date "2020.01.07"]
[Round "1"]
[White "Marty435"]
[Black "bascheyaro"]
[Result "1-0"]
[WhiteElo "2364"]
[BlackElo "2680"]
[TimeControl "180+2"]
[EndTime "13:10:23 PST"]
[Termination "Marty435 won by resignation"]

1. Nf3 d5 2. g3 Nf6 3. Bg2 Bf5 4. O-O e6 5. b3 Bd6 6. Bb2 Nbd7 7. d3 O-O 8. Nbd2 Qe7 9. a3 Rad8 10. Re1 Bg6 11. Nh4 Bh5 12. c4 c6 13. Qc2 Be5 14. Rac1 Bxb2 15. Qxb2 Rfe8 16. b4 a6 17. Nb3 Qd6 18.
Na5 Rb8 19. Nb3 Red8 20. e3 Qe5 21. d4 Qg5 22. f4 Qh6 23. c5 Nf8 24. a4 g5 25. Nf3 Ne4 26. Nbd2 Bxf3 27. Nxf3 f5 28.
b5 gxf4 29. exf4 Nd7 30. Nd2 Qf6 31. Nf3 Ndxc5 32. Qa3 Nd7 33. bxc6 bxc6 34. Rxc6 a5 35. Bf1 Rb4 36. Bb5 Nf8 37. Qc1 Rxd4 38. Nxd4 Qxd4+ 39. Qe3 Qb4 40. Rc7 d4 41. Qc1 d3 42. Qa1 e5 43. Rd1 d2 44. Qxe5 Qd4+ 45. Qxd4 Rxd4 46. Kf1 h5 47. Ke2 Kh8 48. Ke3 Rd6 49. Rc8 Kg7 50. Rc7+ Kh8 51. Bd3 Nf6 52. Rc8 Kg7 53. Rxd2 Ne6 54.
Bxf5 Nd5+ 55. Rxd5 Rxd5 56. Bxe6 Rd1 57. Rc7+ Kf6 58.
Bc4 Ra1 59. Bb5 h4 60. Rc6+ Kf5 61. Rc5+ Kf6 62. Kf3 Ra2 63. Rh5 Rxh2 64. Rxh4 Rb2 65.
Kg4 Kg7 66. Rh5 Rb1 67. Rc5 Kf6 68. Rc6+ Ke7 69. Ra6 Rc1 70. Rxa5 Kd6 71. Ra6+ Ke7 72. Rc6 Rb1 73. Kg5 Rb3 74. g4 Rb1 75. f5 Re1 76. f6+ Kf8 77. Rc8+ Re8 78. Rxe8+ Kf7 79. Re7+ 1-0

[Event "*** Titled Tuesday Blitz"]
[Site "Chess.com"]
[Date "2020.01.07"]
[Round "1"]
[White "earling8018"]
[Black "Mostii"]
[Result "0-1"]
[WhiteElo "2061"]
[BlackElo "2532"]
[TimeControl "180+2"]
[EndTime "13:10:25 PST"]
[Termination "Mostii won on time"]

1. c4 b6 2. d4 e6 3. Nf3 Bb7 4. g3 Nf6 5. Bg2 Bb4+ 6. Bd2 Bxd2+ 7. Qxd2 O-O 8. O-O Ne4 9. Qc2 f5 10. Nfd2 d5 11. Nf3 Nd7 12. Nbd2 c5 13. Rac1 Rc8 14. dxc5 Ndxc5 15. Rfd1 Qf6 16. Qb1 Rfd8 17. cxd5 Bxd5 18. Nc4 Bxc4 19. Rxd8+ Rxd8 20. Rxc4 h6 21. h4 g5 22. b4 Na4 23. Qb3 Nac3 24. e3 Rd1+ 25. Kh2 g4 26. Nd4 Rb1 27. Rc8+ Kg7 28. Qxe6 Qxe6 29. Nxe6+ Kf6 30. Nf4 Nxa2 31. Rc6+ Kg7 32.
Ne6+ Kf7 33. Nd4 Nxb4 34. Rxh6 Nxf2 35. Nxf5 Nbd3 36. Bd5+ Ke8 37. Rh7 Rb2 38. Nd6+ Kd8 39. Be6 Ne4+ 40. Kg1 Rb1+ 41. Kg2 Rb2+ 42. Kg1 Rb1+ 43.
Kg2 Ne1+ 44. Kf1 Nf3+ 45. Ke2 Rb2+ 46. Kd1 Rd2+ 47. Kc1 Rxd6 48. Bf5 Nf2 49. Rxa7 Rd1+ 50.
Kb2 Rd5 51. e4 Re5 52. h5 Nxe4 53. Bxe4 Rxe4 54. h6 Ng5 55. h7 Nxh7 56. Rxh7 Re3 57. Rb7 Rxg3 58. Rxb6 Ke7 59. Kc2 Kf7 60. Kd2 Rf3 61.
Ke2 Rf4 62. Ke3 Ra4 0-1

[Event "*** Titled Tuesday Blitz"]
[Site "Chess.com"]
[Date "2020.01.07"]
[Round "1"]
[White "Justmig"]
[Black "Elyon2000"]
[Result "1-0"]
[WhiteElo "2701"]
[BlackElo "2348"]
[TimeControl "180+2"]
[EndTime "13:10:26 PST"]
[Termination "Justmig won by resignation"]

1. d4 Nf6 2. Bg5 d5 3. Nd2 c5 4. e3 Qb6 5. dxc5 Qxb2 6. Ngf3 Nc6 7.
Rb1 Qc3 8. Bxf6 gxf6 9. Bb5 e6 10. O-O Qxc5 11. c4 a6 12. Nb3 Qd6 13. cxd5 axb5 14. dxc6 Qxd1 15. Rfxd1 bxc6 16. Nfd4 Bd7 17. Rdc1 Ba3 18.
Rc3 Ra6 19. g3 Ke7 20. Nc5 Bxc5 21. Rxc5 Rxa2 22. Nxc6+ Bxc6 23. Rxc6 Rb8 24. Rc7+ Kf8 25. Rd1 b4 26. Rdd7 b3 27. Rxf7+ Kg8 28. Rg7+ Kf8 29. Rxh7 Kg8 30. Rcg7+ Kf8 31. Rb7 Rxb7 32. Rxb7 Rb2 33. Kg2 Rb1 34. h4 b2 35. Kf3 Ke8 36. g4 Kf8 37.
Ke4 Kg8 38. f4 Rg1 39. Rxb2 Rxg4 40. Rh2 Kg7 41. Kf3 f5 42. e4 Kh6 43. e5 Kh5 44. Ke3 Rxh4 45. Ra2 Rh3+ 46. Kd4 Kg4 47. Kc5 Kxf4 48. Kd6 Rh6 49. Ra1 Ke3 50. Ra3+ Kf2 51. Ra2+ Kg3 52. Ra3+ Kg4 53. Ra1 f4 54. Rg1+ Kf3 55.
Rf1+ Ke3 56. Re1+ Kf2 57. Re4 f3 58. Rf4 Kg3 59. Rf6 Rxf6 60. exf6 f2 61. Kxe6 f1=Q 62. f7 Qe2+ 63. Kd7 Qd3+ 64. Ke7 Qe4+ 65. Kf6 Qf4+ 66. Kg7 Qg5+ 67. Kh7 Qf6 68. Kg8 Qe6 69. Kg7 1-0

[Event "*** Titled Tuesday Blitz"]
[Site "Chess.com"]
[Date "2020.01.07"]
[Round "1"]
[White "13MiRacLe"]
[Black "ural58"]
[Result "1/2-1/2"]
[WhiteElo "2699"]
[BlackElo "2367"]
[TimeControl "180+2"]
[EndTime "13:10:28 PST"]
[Termination "Game drawn - insufficient material"]

1. e4 d5 2. exd5 Qxd5 3. Nc3 Qa5 4. d4 Nf6 5. Nf3 Nc6 6. Bb5 Ne4 7. a4 Nxc3 8. bxc3 a6 9. Bxc6+ bxc6 10. O-O Bg4 11.
Qd3 e6 12. Ne5 Bf5 13. Qe2 Bd6 14. Ba3 Qxc3 15. Bxd6 cxd6 16. Nc4 O-O 17. Nxd6 Bg6 18. Rad1 Qxc2 19. Qxc2 Bxc2 20. Ra1 Rfd8 21. Nb7 Rxd4 22. a5 Rd5 23. Rfc1 Be4 24. f3 Bf5 25. Rxc6 h5 26. Nc5 Bd3 27. Rd1 Bb5 28. Rxd5 exd5 29. Rd6 Bc4 30. Kf2 Rb8 31. Nxa6 Rb2+ 32. Kg3 h4+ 33.
Kxh4 Rxg2 34. Nc5 Rxh2+ 35. Kg3 Ra2 36. a6 g6 37. Kf4 Kg7 38. Ke5 Re2+ 39. Kd4 Rd2+ 40.
Kc3 Ra2 41. f4 Ra5 42. Kd4 Kh6 43. Rf6 Kg7 44. Rc6 Ra2 45. Ke5 f6+ 46. Kd6 g5 47. f5 g4 48. Ne6+ Kh6 49. Rc8 Rxa6+ 50. Kc5 Ra7 51. Kd4 g3 52. Rg8 Kh7 53. Rxg3 Ra1 54. Rg7+ Kh8 55. Rf7 Rd1+ 56. Kc5 Ba2 57. Rxf6 d4 58. Rh6+ Kg8 59. Kd6 Kf7 60. Rh7+ Kf6 61. Rh4 Kxf5 62. Rxd4 Rxd4+ 63. Nxd4+ 1/2-1/2

[Event "*** Titled Tuesday Blitz"]
[Site "Chess.com"]
[Date "2020.01.07"]
[Round "1"]
[White "econpower"]
[Black "Sjakkerntobi"]
[Result "1/2-1/2"]
[WhiteElo "2601"]
[BlackElo "2280"]
[TimeControl "180+2"]
[EndTime "13:10:28 PST"]
[Termination "Game drawn by repetition"]

1. c4 c5 2. g3 g6 3. Bg2 Bg7 4.
Nc3 Nc6 5. e3 e6 6. Nge2 Nge7 7.
O-O O-O 8. Nf4 a6 9. a3 Rb8 10. b4 cxb4 11. axb4 Nxb4 12. Ba3 Nbc6 13. Bd6 Ra8 14.
Qc2 Re8 15. g4 b6 16. d4 Bb7 17. Rfb1 Nc8 18. Ba3 Na5 19. Bxb7 Nxb7 20. Qe4 Ncd6 21. Qd3 Rc8 22. c5 bxc5 23. dxc5 Nb5 24. Nxb5 axb5 25.
Ra2 Qg5 26. h3 Nxc5 27. Qxb5 Ne4 28. Qxg5 Nxg5 29. Kg2 Ne4 30. Rb7 d5 31. Ne2 Bf8 32.
Bxf8 Rxf8 33. f3 Nd6 34. Rd7 Rfd8 35. Rxd8+ Rxd8 36. Kf2 Kf8 37. g5 Ke7 38. Ra7+ Rd7 39. Ra8 Rd8 40. Ra7+ Ke8 41. Nd4 Rc8 42. h4 e5 43. Ne2 e4 44. Nd4 exf3 45. Kxf3 Nc4 46. Kf4 Kf8 47. Rd7 Re8 48. Rxd5 Nxe3 49. Rd7 Ng2+ 50.
Kg3 Ne3 51. Kf4 Nc4 52. Nf3 Nb6 53. Rd6 Nc8 54. Rd7 Nb6 55. Rd6 Nc4 56. Rd7 Re7 57. Rd4 Nb6 58. Ne5 Kg7 59. Ng4 Nd7 60.
Rd6 Nf8 61. Nf6 h6 62. Ra6 hxg5+ 63. hxg5 Ne6+ 64. Kg4 Rc7 65. Ra4 Rc5 66. Ne4 Re5 67. Rb4 Nc5 68. Nxc5 Rxc5 69. Rf4 Rc6 70. Re4 Kf8 71.
Ra4 Ke7 72. Ra7+ Ke6 73. Ra4 Rd6 74. Kf4 Rd5 75. Re4+ Kd7 76. Ra4 Rd1 77. Ra7+ Ke6 78. Ra6+ Rd6 79. Ra4 Rb6 80. Ke4 Rb1 81. Ra6+ Ke7 82.
Ra7+ Kf8 83. Ra8+ Kg7 84. Kf4 Rf1+ 85. Kg4 Rf5 86. Rb8 Rd5 87. Kf4 Rf5+ 88. Kg4 Rc5 89. Kf4 Rc4+ 90. Kf3 Rc5 91. Kf4 Rf5+ 92. Kg4 1/2-1/2

[Event "*** Titled Tuesday Blitz"]
[Site "Chess.com"]
[Date "2020.01.07"]
[Round "1"]
[White "BjarkeSahl"]
[Black "vovachesss"]
[Result "0-1"]
[WhiteElo "2142"]
[BlackElo "2556"]
[TimeControl "180+2"]
[EndTime "13:10:28 PST"]
[Termination "vovachesss won by resignation"]

1. d4 Nf6 2. Nc3 d5 3. Bg5 Nbd7 4. e3 c6 5. Bd3 e5 6. Nh3 Bd6 7. O-O e4 8. Be2 h6 9. Bf4 Nf8 10.
Bxd6 Qxd6 11. Nf4 Ne6 12. Nh5 Nxh5 13. Bxh5 g6 14. Be2 h5 15. f3 exf3 16. Bxf3 f5 17.
a3 h4 18. Qd2 Bd7 19. Ne2 g5 20. Nc1 g4 21. Be2 Ng5 22. Nd3 Ne4 23. Qb4 Qc7 24.
Nf4 O-O-O 25. Bd3 Rde8 26. Bxe4 Rxe4 27. Rae1 Rhe8 28. Qd2 Kb8 29. Nd3 Bc8 30. Rf4 Rxf4 31. exf4 Re4 32. Ne5 Qb6 33. Rxe4 dxe4 34. c4 Qb3 35. d5 cxd5 36. cxd5 e3 37. Qe1 h3 38.
gxh3 gxh3 39. d6 Qd5 40. Qe2 Qe4 41. Qf3 Qb1+ 42. Qf1 Qe4 43. Qf3 Qb1+ 44. Qf1 Qxb2 45. d7 Bxd7 46. Nxd7+ Kc7 47. Ne5 b5 48. Nf3 a6 49.
Qxh3 Qxa3 50. Qh7+ Kb6 51. Qg6+ Ka5 52. Qxf5 Qc1+ 53.
Kg2 Qb2+ 54. Kg3 Qf2+ 55. Kg4 Qg2+ 56. Kh5 Qxf3+ 57. Kg6 e2 58. Qe5 Qg4+ 59. Kf7 Qd7+ 60. Kg6 Qd2 61. Qa1+ Kb6 62. Qf6+ Kc5 63. Qe5+ Kc4 64.
Qe6+ Kb4 65. Qe7+ Ka4 66. Qe4+ b4 67. Qe8+ Ka3 0-1

[Event "*** Titled Tuesday Blitz"]
[Site "Chess.com"]
[Date "2020.01.07"]
[Round "1"]
[White "vugarrasulov"]
[Black "Philosopherrr"]
[Result "1/2-1/2"]
[WhiteElo "2854"]
[BlackElo "2451"]
[TimeControl "180+2"]
[EndTime "13:10:31 PST"]
[Termination "Game drawn by repetition"]

1. e4 e5 2. Nf3 Nc6 3. Bb5 a6 4.
Ba4 Nf6 5. O-O Be7 6. Re1 b5 7.
Bb3 d6 8. c3 O-O 9. h3 Bb7 10. d4 Re8 11. Nbd2 exd4 12. cxd4 Nd7 13. Nf1 Na5 14. Bc2 Bf6 15. Ng3 g6 16. b3 c5 17. Rb1 Nc6 18. Bb2 Nb4 19. d5 Nxa2 20.
Qd2 b4 21. Ne2 a5 22. Bd3 Nc3 23. Nxc3 bxc3 24. Bxc3 Bxc3 25. Qxc3 Qf6 26. Qd2 Ba6 27. Bxa6 Rxa6 28. Ra1 Rxe4 29. Rxe4 Qxa1+ 30. Re1 Qf6 31. Re8+ Kg7 32. h4 h6 33. Qe1 a4 34. Rc8 Nb6 35.
Rb8 Nd7 36. Rc8 Ne5 37. Nxe5 dxe5 38. bxa4 Rxa4 39. Rc6 Qf4 40. Rxc5 Qd4 41. Rc1 Qxd5 42. g3 Rd4 43. Kh2 Rd2 44. Kg1 Qd4 45. Rb1 h5 46. Rc1 e4 47. Rb1 Qd3 48. Rc1 Re2 49. Qb4 Kh7 50.
Qc3 Qd7 51. Qe5 Qa7 52. Qf4 e3 53. Rc7 exf2+ 54. Kg2 f1=Q+ 55. Kxf1 Rf2+ 56. Qxf2 Qxc7 57. Kg2 Qc6+ 58. Kh2 Qe6 59. Qf4 Qe2+ 60. Kg1 Qd1+ 61. Kg2 Qd7 62. Kh2 Qe6 63. Kg1 f6 64. Qc7+ Kh6 65.
Qd8 Qe3+ 66. Kg2 Qe2+ 67. Kg1 Qe1+ 68. Kg2 Qe4+ 69. Kg1 Qb1+ 70. Kh2 Qa2+ 71. Kg1 Qb1+ 72. Kh2 Qc2+ 73. Kg1 Qb1+ 1/2-1/2

[Event "*** Titled Tuesday Blitz"]
[Site "Chess.com"]
[Date "2020.01.07"]
[Round "1"]
[White "isla88"]
[Black "AminMolaei"]
[Result "0-1"]
[WhiteElo "2216"]
[BlackElo "2574"]
[TimeControl "180+2"]
[EndTime "13:10:39 PST"]
[Termination "AminMolaei won by checkmate"]

1. b3 e5 2. Bb2 Nc6 3. c4 d6 4.
e3 f5 5. d4 exd4 6. exd4 Nf6 7. Bd3 Be7 8. Ne2 O-O 9. O-O g6 10. a3 d5 11. Nbc3 dxc4 12. Bxc4+ Kg7 13. d5 Ne5 14. Nf4 Bd6 15. Qd4 Re8 16. Nb5 a6 17.
Nxd6 cxd6 18. Rfe1 b5 19. Bf1 Rb8 20. Nd3 Ned7 21.
Rxe8 Qxe8 22. Nf4 Ne5 23. a4 bxa4 24. bxa4 Bd7 25. Rc1 Rc8 26. Bxa6 Rxc1+ 27. Bxc1 Qb8 28. Bb2 Qb3 29. h3 Qxa4 30. Ne6+ Kf7 31. Ng5+ Ke7 32. Qxa4 Bxa4 33. f4 Ned7 34. Bd3 h6 35. Nf3 Nxd5 36. g3 Bc6 37. Nh4 Nf8 38. Bg7 Be8 39. Bxf5 gxf5 40. Nxf5+ Ke6 41. Nxd6 Kxd6 42. Bxf8+ Ke6 43. Bxh6 Kf5 44.
Kf2 Ke4 45. Bg5 Nc3 46. g4 Kd5 47. Kf3 Bc6 48. f5 Ke5+ 49. Kg3 Ne4+ 50. Kh4 Be8 51. Bd8 Kf4 52. f6 Bf7 53. Be7 Nd2 54. Bd6+ Kf3 55. g5 Ne4 56. Bc7 Bg6 57. Bb8 Nc5 58. Be5 Ne6 59.
Bg3 Nd4 60. f7 Nf5# 0-1

[Event "*** Titled Tuesday Blitz"]
[Site "Chess.com"]
[Date "2020.01.07"]
[Round "1"]
[White "TypeThreeWaffles"]
[Black "Sanan_Sjugirov"]
[Result "0-1"]
[WhiteElo "2499"]
[BlackElo "2946"]
[TimeControl "180+2"]
[EndTime "13:10:44 PST"]
[Termination "Sanan_Sjugirov won by resignation"]

1. e4 e6 2. d4 d5 3. Nc3 Nf6 4. e5 Nfd7 5. f4 c5 6. Nf3 Nc6 7. Be3 a6 8. Qd2 Be7 9. dxc5 Nxc5 10. O-O-O Qa5 11. Kb1 O-O 12. Nd4 Nxd4 13. Bxd4 Na4 14. Nxa4 Qxa4 15. Bd3 Bd7 16. g4 Bb5 17. b3 Qa3 18. Bb2 Qc5 19. f5 Bxd3 20. cxd3 d4 21. Qf4 Rfd8 22. f6 Bf8 23. g5 Rac8 24. Rhf1 g6 25. Rf2 Qb5 26. h4 Rc5 27. Re2 Rdd5 28. h5 Rxe5 29. Rh2 Rxg5 30. hxg6 hxg6 31. Rdh1 Rh5 32.
Qxd4 Rcd5 33. Qc4 Qa5 34. Qc8 Rxh2 35. Rxh2 Qe1+ 36. Bc1 Rh5 37. Rc2 Qb4 38. Rc4 Qd6 39.
a4 Qxd3+ 40. Ka1 Qd6 41. Ka2 Rh2+ 42. Rc2 Rxc2+ 43. Qxc2 e5 44. Qf2 Qc6 45. Bb2 e4 46. Qe3 Qd5 47. Bd4 b5 48. a5 b4 49. Bb6 Qf5 50. Bd4 Qxa5+ 51. Kb2 Qf5 52. Qg3 a5 53. Qb8 Qd5 54. Be3 Qh5 55. Qd8 Qe2+ 56. Qd2 Qxd2+ 57. Bxd2 Bc5 58. Bf4 Bd4+ 59. Kc2 Bxf6 60. Bc7 Bc3 61. Bxa5 f5 62. Bd8 Kf7 63. Bg5 Ke6 64. Bf4 Kd5 0-1

[Event "*** Titled Tuesday Blitz"]
[Site "Chess.com"]
[Date "2020.01.07"]
[Round "1"]
[White "2nd_life"]
[Black "GadimbayliA"]
[Result "1/2-1/2"]
[WhiteElo "2513"]
[BlackElo "2960"]
[TimeControl "180+2"]
[EndTime "13:10:47 PST"]
[Termination "Game drawn by agreement"]

1. e4 e5 2. f4 d5 3. exd5 e4 4. d3 Nf6 5. dxe4 Nxe4 6. Nf3 Bc5 7. Qe2 Qe7 8. Nbd2 Nf2 9. Qxe7+ Kxe7 10. Rg1 Ng4 11.
Rh1 Ne3 12. Nb3 Nxc2+ 13. Kd1 Nxa1 14. Nxc5 Rd8 15. Bc4 Bf5 16. Nd4 Bg4+ 17. Kd2 b6 18.
Re1+ Kf8 19. Nd3 c6 20. Ne5 b5 21. Nxg4 bxc4 22. Kc3 cxd5 23. Bd2 Re8 24. Rxa1 Na6 25.
Re1 Nc5 26. Rxe8+ Rxe8 27. Nf2 f6 28. b3 cxb3 29. axb3 Kf7 30. g4 h5 31. h3 hxg4 32.
hxg4 a6 33. b4 Na4+ 34. Kb3 Nb6 35. f5 Nc4 36. Bf4 Re1 37. Nd3 Rg1 38. Ne2 Rxg4 39. Nc3 Nb6 40. Bc7 d4 41. Bxb6 dxc3 42. Kxc3 Rg5 43.
Nc5 Rxf5 44. Nxa6 g5 45. Bc5 g4 46. b5 g3 47. b6 Rxc5+ 48. Nxc5 g2 49. b7 g1=Q 50.
b8=Q Qxc5+ 51. Kd3 Qd5+ 52. Ke3 Qg5+ 53. Kf3 Qf5+ 54.
Ke3 Qe6+ 55. Kf4 Qh3 56. Qb7+ Kg6 57. Qe4+ Kh6 58. Qe8 Qf1+ 59. Kg3 Qg1+ 60. Kf3 Qd1+ 61. Kg3 Qd6+ 62. Kg4 Kg7 63. Qe4 Qd7+ 64. Qf5 Qd4+ 65.
Kf3 Kf7 66. Qh7+ Kf8 67. Qh8+ Ke7 68. Qg7+ Ke6 69. Qg8+ Kf5 70. Qc8+ Kg5 71. Qg8+ Kf5 72. Qc8+ Ke5 73. Qe8+ 1/2-1/2

[Event "*** Titled Tuesday Blitz"]
[Site "Chess.com"]
[Date "2020.01.07"]
[Round "1"]
[White "SavelievAlexei"]
[Black "nurgyulsalimova"]
[Result "1/2-1/2"]
[WhiteElo "2286"]
[BlackElo "2606"]
[TimeControl "180+2"]
[EndTime "13:10:49 PST"]
[Termination "Game drawn by stalemate"]

1. e4 e5 2. Nf3 Nc6 3. Bb5 a6 4. Ba4 g6 5. h4 h5 6. Nc3 Bg7 7. d3 Nge7 8. Bg5 f6 9. Be3 d5 10. d4 dxe4 11. Nxe4 b5 12. Bb3 Bf5 13. Nc5 e4 14. Nd2 Nxd4 15. Ndxe4 Nxb3 16. Qxd8+ Rxd8 17. axb3 Bc8 18. Nxa6 f5 19. Nc3 Bxa6 20. Rxa6 b4 21. Na4 Kf7 22. O-O Nd5 23. Bc5 Rhe8 24. Rd1 Bf6 25.
Ra5 Bxh4 26. Ba7 c6 27. Bd4 Nf4 28. Kf1 Bf6 29. Ra7+ Kg8 30. c3 bxc3 31. bxc3 Bxd4 32. cxd4 Ne6 33. b4 Nxd4 34. Nc5 Nc2 35. Rad7 Rxd7 36. Nxd7 Kf7 37. g3 Nxb4 38. Nc5 Nd5 39. Rc1 Re7 40. Nd3 Re6 41. Rxc6 Rxc6 42. Ne5+ Kf6 43. Nxc6 g5 44. Kg2 f4 45. Nd4 fxg3 46. fxg3 Ne3+ 47. Kf3 Ng4 48.
Nc6 Ne5+ 49. Nxe5 Kxe5 50. Ke3 g4 51. Kd3 Kf5 52. Ke3 Kg5 53. Kf2 h4 54. gxh4+ Kxh4 55. Kg2 g3 56. Kg1 Kg4 57. Kg2 Kf4 58. Kg1 Kf3 59.
Kf1 g2+ 60. Kg1 Kg3 1/2-1/2

[Event "*** Titled Tuesday Blitz"]
[Site "Chess.com"]
[Date "2020.01.07"]
[Round "1"]
[White "Kosche007"]
[Black "SavelijTartakover"]
[Result "1/2-1/2"]
[WhiteElo "2367"]
[BlackElo "2708"]
[TimeControl "180+2"]
[EndTime "13:10:50 PST"]
[Termination "Game drawn by repetition"]

1. e4 c5 2. Nf3 d6 3. d4 cxd4 4.
Nxd4 Nf6 5. Nc3 Nc6 6. Bg5 e6 7. Qd2 a6 8. O-O-O Bd7 9. f3 Be7 10. h4 h6 11. Be3 h5 12. Kb1 Ne5 13. Bg5 b5 14. Bd3 Qc7 15. Nce2 Rb8 16. Rc1 b4 17. c4 bxc3 18. Rxc3 Qa7 19. Rhc1 Bd8 20. f4 Nxd3 21. Qxd3 Qa8 22. Nc6 Rb6 23. Nxd8 Nxe4 24. Nxe6 Bxe6 25. Qd4 Nxc3+ 26. Nxc3 Qb7 27. Qxg7 Rf8 28. Bh6 Qe7 29.
Qxf8+ Qxf8 30. Bxf8 Kxf8 31. Rd1 Rb4 32. g3 Ke7 33.
Nd5+ Bxd5 34. Rxd5 Re4 35. Rxh5 Ke6 36. Rg5 f6 37.
Rg7 d5 38. Kc2 Re2+ 39. Kc3 d4+ 40. Kxd4 Rxb2 41. g4 Rxa2 42. h5 Ra4+ 43. Ke3 Ra3+ 44. Ke4 f5+ 45. gxf5+ Kf6 46. Rg6+ Kf7 47. Rb6 Rh3 48.
h6 a5 49. Ra6 a4 50. Ra7+ Kf6 51. Rxa4 Rh1 52. Ra6+ Kf7 53. f6 Rxh6 54. Ke5 Rh1 55. Ra7+ Kf8 56. Ke6 Re1+ 57. Kf5 Rg1 58. Rb7 Rg2 59.
Ke6 Re2+ 60. Kf5 Rg2 61. f7 Rc2 62. Kg5 Rc6 63. f5 Ra6 64. Rc7 Rb6 65. Rd7 Ra6 66.
Rb7 Rc6 67. Ra7 Rb6 68. f6 Rb1 69. Ra8+ Kxf7 70. Ra7+ Kf8 71. Ra8+ Kf7 72. Ra7+ Kf8 73. Ra8+ Kf7 1/2-1/2

[Event "*** Titled Tuesday Blitz"]
[Site "Chess.com"]
[Date "2020.01.07"]
[Round "1"]
[White "ChEsper99"]
[Black "SlavenPastar"]
[Result "1/2-1/2"]
[WhiteElo "2002"]
[BlackElo "2515"]
[TimeControl "180+2"]
[EndTime "13:10:54 PST"]
[Termination "Game drawn by stalemate"]

1. e4 e5 2. Nf3 Nc6 3. d4 exd4 4.
Nxd4 Nf6 5. Nxc6 bxc6 6. Qe2 Qe7 7. Nc3 Qe6 8. Bd2 Bb4 9. f3 d5 10. exd5 cxd5 11. O-O-O O-O 12. Qxe6 Bxe6 13. a3 Ba5 14. Nb5 Bb6 15. Nd4 Bd7 16. Nb3 c5 17. Ba6 c4 18. Na1 Rab8 19. Rhe1 Bc7 20. Bb4 Rfe8 21.
Bc5 Bxh2 22. b3 cxb3 23. Nxb3 Ba4 24. Kb2 Be5+ 25. Ka2 Bc3 26. Rxe8+ Rxe8 27. Bd4 Bxb3+ 28. Kxb3 Bxd4 29. Rxd4 h5 30. g4 hxg4 31. fxg4 g5 32. a4 Kg7 33. a5 Re3+ 34. c3 Rg3 35. Bb7 Rxg4 36. Rxg4 Nxg4 37. Bxd5 Nf6 38. Bg2 Nh5 39.
c4 Nf4 40. Bb7 g4 41. c5 g3 42. Bf3 Ne6 43. Kb4 f5 44. c6 a6 45. Kc4 Kf6 46.
Kd5 f4 47. Kd6 Nd4 48. c7 Nxf3 49.
c8=Q g2 50. Qf8+ Kg5 51. Qg7+ Kh4 52. Qxg2 Ng5 53. Qh2+ Nh3 54. Ke5 f3 55. Ke4 f2 56.
Qg2 Ng5+ 57. Ke3 Nh3 58. Qe4+ Kg3 59. Qf3+ Kh2 60. Kd2 Kg1 61. Qg3+ Kh1 62. Qxh3+ Kg1 63. Qg3+ Kh1 64. Ke2 f1=Q+ 65. Kxf1 1/2-1/2

[Event "*** Titled Tuesday Blitz"]
[Site "Chess.com"]
[Date "2020.01.07"]
[Round "1"]
[White "chesstatour"]
[Black "TST2014"]
[Result "1-0"]
[WhiteElo "1979"]
[BlackElo "2505"]
[TimeControl "180+2"]
[EndTime "13:11:00 PST"]
[Termination "chesstatour won on time"]

1. c4 Nf6 2. Nc3 g6 3. Nf3 Bg7 4. d4 O-O 5. g3 d6 6. Bg2 c5 7. O-O Nc6 8. dxc5 dxc5 9. Qxd8 Rxd8 10. Be3 b6 11. Rfd1 Bb7 12. h3 e6 13. Rac1 h6 14. b3 Nd7 15. Nb5 Nb4 16. a3 Na6 17. Rd2 Nab8 18.
Nc7 a6 19. Nxa8 Bxa8 20. Rcd1 Kf8 21. Bf4 Bc6 22. Bxb8 Rxb8 23. Rxd7 Bxd7 24. Rxd7 b5 25. cxb5 axb5 26. Rc7 b4 27. a4 Rd8 28. Rxc5 Rd1+ 29.
Kh2 Rb1 30. Nd2 Rb2 31. Nc4 Rxb3 32. a5 Rc3 33. a6 Bd4 34. a7 Bxc5 35. a8=Q+ Kg7 36.
Qa1 Bxf2 37. Nd2 Bxg3+ 38. Kg1 Be5 39. Qa5 Rc1+ 40. Kf2 Bd4+ 41. e3 Bc3 42. Ne4 Be1+ 43. Ke2 b3 44. Qb5 Rb1 45. Qe5+ Kg8 46. Nf6+ Kf8 47.
Nd7+ Ke7 48. Qe4 Rc1 49. Ne5 b2 50. Qb7+ Kd6 51. Nxf7+ Kc5 52. Qxb2 Rc4 53. Kxe1 Rb4 54. Qe5+ Kb6 55. Kf2 Rb2+ 56. Kf3 Rb5 57. Qxe6+ Ka5 58.
Ne5 Kb4 59. Qd6+ Ka5 60. Nxg6 Rf5+ 61. Ke2 Rg5 62. Nf4 Kb5 63. Qd7+ Kc4 64. Qf7+ Kc3 65. Qf6+ Kc2 66. Be4+ Kc1 67. Qxg5 hxg5 68. Ne6 Kb2 69. Nxg5 Kc3 70. h4 1-0

[Event "*** Titled Tuesday Blitz"]
[Site "Chess.com"]
[Date "2020.01.07"]
[Round "1"]
[White "Benjoneliere44"]
[Black "Perecke"]
[Result "0-1"]
[WhiteElo "2541"]
[BlackElo "2169"]
[TimeControl "180+2"]
[EndTime "13:11:02 PST"]
[Termination "Perecke won by resignation"]

1. d4 d5 2. Bf4 c5 3. c3 Nc6 4. e3 Nf6 5. Nd2 Bf5 6. Ngf3 Qb6 7. Qb3 c4 8. Qxb6 axb6 9. a3 b5 10.
Rc1 e6 11. Be2 Kd7 12. Bd1 Bd6 13. Bxd6 Kxd6 14. Bc2 Bxc2 15. Rxc2 b4 16. Nb1 bxa3 17. Nxa3 Ra5 18. Nd2 b5 19. Ke2 e5 20. f3 exd4 21.
exd4 Kd7 22. Rcc1 b4 23. cxb4 Nxb4 24. Rb1 Rb8 25. Ndxc4 dxc4 26. Nxc4 Ra2 27. Ra1 Rxa1 28. Rxa1 Nc6 29. Ne5+ Nxe5 30. dxe5 Rxb2+ 31. Ke3 Nd5+ 32. Ke4 Nc7 33. Rg1 Ke6 34. f4 Rb4+ 35. Kf3 Nd5 36. g3 Kf5 37. Ra1 Rb3+ 38. Kg2 Kg4 39. h3+ Kf5 40. Ra7 Ke6 41. Ra6+ Rb6 42. Ra7 g6 43. Ra8 h5 44. Re8+ Kf5 45. Rf8 Rb7 46. Kf3 Rb3+ 47. Kg2 Ke6 48. Re8+ Ne7 49. Ra8 Rb7 50. Ra6+ Kd5 51. Rf6 Nf5 52. g4 hxg4 53. hxg4 Ne3+ 54. Kf3 Nc4 55. Ra6 Rb3+ 56. Kf2 Ke4 57. Rf6 Rb7 58.
Kg3 Ne3 59. Kh4 Nd5 60. Rd6 Nxf4 61. Kg5 Kxe5 62. Ra6 Ne6+ 63. Kh6 g5 64. Ra5+ Kf4 65. Rf5+ Kxg4 66. Ra5 f5 67. Kg6 f4 68. Kf6 Nd4 69.
Ra4 Nf3 70. Ke6 Rb6+ 71. Kd5 Nh4 72. Ke4 Re6+ 73. Kd3 Re8 74. Kd2 Kg3 75. Ra5 g4 76. Ra1 f3 77. Rg1+ Ng2 78. Ra1 f2 79. Rb1 Re1 80. Rb3+ Kh2 81. Rb4 f1=Q 82. Rxg4 Qe2+ 83.
Kc3 Qxg4 0-1

[Event "*** Titled Tuesday Blitz"]
[Site "Chess.com"]
[Date "2020.01.07"]
[Round "1"]
[White "Eliwood44"]
[Black "Keaton87"]
[Result "1/2-1/2"]
[WhiteElo "2313"]
[BlackElo "2631"]
[TimeControl "180+2"]
[EndTime "13:11:20 PST"]
[Termination "Game drawn - insufficient material"]

1. d4 Nf6 2. Nf3 g6 3. e3 Bg7 4. Be2 O-O 5. O-O b6 6. a4 a6 7. a5 b5 8. c4 bxc4 9. Bxc4 d6 10. Nc3 Nbd7 11. Bd2 Bb7 12. Ng5 Rb8 13. Qe2 h6 14.
Nh3 Qc8 15. Rfb1 c5 16. dxc5 Nxc5 17. Nf4 e6 18. b4 Nce4 19. Nxe4 Nxe4 20. Ra2 Nxd2 21.
Rxd2 Qc6 22. Rc2 Qa4 23. Ra2 Qc6 24. Rc2 Qa4 25. Ra2 Qd7 26. Bxa6 Ba8 27. Bd3 Qb7 28. e4 Bd4 29. b5 Kg7 30. b6 Qc6 31. Rc2 Qe8 32. h4 Be5 33. Nh3 Qa4 34. Ra2 Qc6 35.
Qc2 Rfc8 36. Qxc6 Rxc6 37. Rc2 Bd4 38. Rxc6 Bxc6 39. Nf4 Kf6 40. Ne2 Bc5 41. Kf1 g5 42. hxg5+ hxg5 43. Ng3 Ke5 44. Ke2 Kd4 45. Kd2 Ke5 46.
f3 g4 47. Ne2 f5 48. exf5 exf5 49. fxg4 fxg4 50. g3 Bf3 51. Nf4 Bf2 52. Rb5+ d5 53. Bc4 Bxg3 54. Nxd5 Kd4 55. Ba2 Rh8 56. Rb4+ Kc5 57. Rc4+ Kb5 58. Ne3 Rh2+ 59. Kd3 Rxa2 60.
Rc3 Rxa5 61. Rb3+ Kc6 62. b7 Bb8 63. Nc4 Rd5+ 64. Kc3 Kc7 65. Nb6 Rc5+ 66. Kd4 Rc6 67. Na8+ Kd6 68. Nb6 Ba7 69. Kd3 Bb8 70. Nc4+ Kc7 71.
Ne5 Rd6+ 72. Ke3 Rb6 73. Rxb6 Kxb6 74. Nxf3 Kxb7 75. Kf2 Kc6 76. Kg2 Kd5 77. Nh2 g3 78. Nf1 Ke4 79. Nxg3+ 1/2-1/2

[Event "*** Titled Tuesday Blitz"]
[Site "Chess.com"]
[Date "2020.01.07"]
[Round "1"]
[White "benhal"]
[Black "Heineccius"]
[Result "1/2-1/2"]
[WhiteElo "2335"]
[BlackElo "2655"]
[TimeControl "180+2"]
[EndTime "13:11:21 PST"]
[Termination "Game drawn by agreement"]

1. e4 c5 2. Nc3 e6 3. f4 Nc6 4.
Nf3 d5 5. Bb5 Ne7 6. O-O dxe4 7.
Nxe4 a6 8. Be2 Nf5 9. d3 Be7 10.
a4 O-O 11. Kh1 b6 12. c3 Bb7 13. Qc2 Qc7 14. Bd2 Rad8 15. Rae1 Rfe8 16. Nfg5 h6 17. Nf3 Nd6 18. Ng3 Bf8 19. Ne5 Nf5 20. Bh5 Nxe5 21. fxe5 g6 22. Nxf5 exf5 23. Bf3 Bxf3 24.
gxf3 Qd7 25. Re3 h5 26. f4 Qd5+ 27. Kg1 Bh6 28. Rg3 Re6 29. c4 Qd4+ 30. Kg2 Kh7 31.
Bc3 Qd7 32. b4 Qc6+ 33. Kg1 cxb4 34. Bxb4 Rd4 35. Bd2 Qd7 36. Bc3 Rxf4 37. d4 Rxd4 38. Bxd4 Qxd4+ 39. Kg2 Rxe5 40. Qd3 Qc5 41. Qd7 Re7 42.
Qd5 Qc7 43. Rxf5 Rd7 44. Qf3 Qxc4 45. Rf6 Qc2+ 46. Kh3 Qc4 47. Rxb6 h4 48. Rg4 Qa2 49. Rxh4 Qc2 50. Rf6 Rd3 51. Rxf7+ Kg8 52. Rxh6 Rxf3+ 53. Rxf3 Qc8+ 54. Kg2 Qc2+ 55. Kh3 Kg7 56. Rh4 Qe2 57. Kg3 Qe1+ 58. Rf2 Qe3+ 59. Rf3 Qe1+ 60. Kh3 g5 61.
Rg4 Kg6 62. Rfg3 Qf1+ 63. Rg2 Qf3+ 64. R2g3 Qf1+ 65. Rg2 Qf5 66. Rg3 Kh5 67. Kg2 Qc2+ 68. Kg1 Qd1+ 69. Kg2 Qe2+ 70. Kg1 Qe1+ 71. Kg2 Qe2+ 72.
Kh3 Qf1+ 73. Rg2 Qf5 74. Rg3 Kh6 75. Kg2 Qc2+ 76. Kg1 Qd1+ 77. Kg2 Qe2+ 78. Kg1 Qe1+ 79. Kg2 Qe2+ 80. Kg1 Qe1+ 81. Kg2 1/2-1/2